 Dungeon Crawl Stone Soup version 0.17-a0-1181-gabc46e6 (webtiles) character file.

246028 tooLowSkill the Executioner (level 19, -2/190 HPs)
             Began as a Deep Dwarf Berserker on May 31, 2015.
             Was the Champion of Trog.
             Shot with a bolt by a yaktaur captain (24 damage)
             ... on level 5 of the Depths.
             The game lasted 03:07:53 (27012 turns).

tooLowSkill the Executioner (Deep Dwarf Berserker) Turns: 27012, Time: 03:07:53

Health: -2/190     AC: 32    Str: 28    XL:     19   Next: 52%
Magic:  15/15      EV:  9    Int: 12    God:    Trog [******]
Gold:   3009       SH:  0    Dex: 19    Spells: 0 memorised, 18 levels left

rFire  + . .     SeeInvis +     a - +8 executioner's axe "Foamm" {vamp, Int+3 Dex+4 SInv}
rCold  + . .     Clarity  .     t - +8 plate armour "Lypil" {rC+ Regen+ Dex-3 Stlth+}
rNeg   + + .     SustAt   .     (no shield)
rPois  .         Gourm    .     f - +2 hat
rElec  .         Spirit   .     J - +1 cloak {+Inv}
rCorr  .         Warding  .     (no gloves)
rMut   .         Stasis   .     F - +2 pair of boots {run}
MR     ++...                    E - amulet of faith
Stlth  ..........               y - ring of protection from cold
                                e - ring "Dynuydon" {Fire rN+ Dex+6}

@: non-regenerating, quick, very resistant to hostile enchantments, extremely
unstealthy
A: damage resistance, recharge devices, negative energy resistance 1, sense
surroundings 3, slow healing 3
a: Device Recharging, Burn Spellbooks, Berserk, Trog's Hand, Brothers in Arms,
Renounce Religion, Evoke Invisibility


You were on level 5 of the Depths.
You worshipped Trog.
Trog was exalted by your worship.
You were not hungry.

You visited 4 branches of the dungeon, and saw 32 of its levels.
You also visited: Sewer and Wizlab.

You collected 3590 gold pieces.
You spent 581 gold pieces at shops.

Inventory:

Hand weapons
 a - the +8 executioner's axe "Foamm" (weapon) {vamp, Int+3 Dex+4 SInv}
   (Trog gifted it to you on level 6 of the Lair of Beasts)

   It inflicts no extra harm, but heals its wielder somewhat when it strikes a
   living foe.
   It affects your intelligence (+3).
   It affects your dexterity (+4).
   It lets you see invisible.
 x - a +3 vampiric broad axe
Armour
 f - a +2 hat (worn)
 t - the +8 plate armour "Lypil" (worn) {rC+ Regen+ Dex-3 Stlth+}
   (You took it off a hobgoblin on level 8 of the Dungeon)

   It affects your dexterity (-3).
   It protects you from cold.
   It increases your rate of regeneration.
   It makes you more stealthy.
 F - a +2 pair of boots of running (worn)
 J - a +1 cloak of invisibility (worn)
 M - a +0 crystal plate armour
 V - a cursed +0 shield
Jewellery
 e - the ring "Dynuydon" (left hand) {Fire rN+ Dex+6}
   (You found it on level 1 of the Depths)

   [ring of fire]

   It enhances your fire magic, and weakens your ice magic.
   It affects your dexterity (+6).
   It protects you from fire.
   It makes you vulnerable to cold.
   It protects you from negative energy.
 g - an uncursed ring of ice
 j - an uncursed amulet of resist corrosion
 y - a ring of protection from cold (right hand)
 E - an amulet of faith (around neck)
 Q - a +5 ring of intelligence
 S - an uncursed ring of flight
 U - the cursed necklace of Bloodlust {*Rage +Rage MR+ Str+2 Int-2 Slay+3 *Curse}
   (You found it on level 4 of the Depths)

   [amulet of rage]

   It affects your strength (+2).
   It affects your intelligence (-2).
   It affects your accuracy and damage with ranged weapons and melee attacks
   (+3).
   It affects your resistance to hostile enchantments.
   It lets you go berserk.
   It may make you go berserk in combat.
   It may re-curse itself when equipped.
   It has a curse placed upon it.
 W - a +3 ring of dexterity
Magical devices
 h - a wand of heal wounds (7)
 o - a wand of invisibility (3)
 z - a wand of invisibility (4)
 D - a wand of disintegration (13)
 N - a wand of draining (7)
Scrolls
 c - 4 scrolls of identify
 i - a scroll of immolation
 k - 3 scrolls of blinking
 u - 11 scrolls of teleportation
 A - 4 scrolls of fog
 B - 12 scrolls of remove curse
 H - 3 scrolls of magic mapping
 P - 6 scrolls of fear
 R - a scroll of enchant weapon
 Y - a scroll of recharging
Potions
 b - a potion of magic
 m - 5 potions of might
 n - 5 potions of heal wounds
 v - 2 potions of invisibility
 C - 6 potions of curing
 I - 4 potions of ambrosia
 K - 2 potions of lignification
 L - a potion of beneficial mutation
 T - 3 potions of haste
Miscellaneous
 s - a stone of tremors
 w - a phial of floods
 O - a plain deck of summoning {drawn: 2}
 X - a phantom mirror
Comestibles
 d - 12 bread rations
 p - 9 slices of pizza
 q - 12 meat rations
 r - 30 fruits
 G - a beef jerky


   Skills:
 * Level 16.6 Fighting
 - Level 26.0 Axes
 + Level 14.1 Armour
 - Level 2.1 Dodging
 - Level 4.0 Shields
 - Level 8.0 Evocations


You had 18 spell levels left.
You didn't know any spells.

Dungeon Overview and Level Annotations

Branches:
Dungeon (15/15)              Lair (8/8) D:8           Swamp (0/4) Lair:4
  Snake (0/4) Lair:6        Slime (0/6) Lair:8          Orc (4/4) D:12
    Elf (0/3) Orc:4        Vaults (0/5) D:13         Depths (5/5) D:15
    Zot (0/5) Depths:5
 Temple: D:4-7

Altars:
Cheibriados
Fedhas
Makhleb
Nemelex Xobeh
Sif Muna
Trog
Xom
Zin
The Shining One

Shops:
D:7 !   D:8 :   D:14 [   Orc:1 (   Orc:4 **(   Depths:1 *

Portals:
Hell: Depths:1 Depths:2 Depths:3 Depths:4
Abyss: Depths:4
Pandemonium: Depths:2 Depths:3
Ziggurat: Depths:4
Trove: Depths:4 (give 2 potions of cure mutation)


Innate Abilities, Weirdness & Mutations

You are resistant to damage.
You can recharge devices by infusing magical energy.
You resist negative energy.
You passively map a large area around you.
You do not heal naturally.


Message History

All of the chunks of flesh in your inventory have rotted away.
A yaktaur captain comes into view.
A stone giant comes into view.
You found an alarm trap!
The yaktaur captain shouts!
The stone giant shouts!
The stone giant throws a large rock.
The large rock hits you!!!
You see here a large rock.
The yaktaur captain wields an arbalest.
The yaktaur captain shoots a bolt.
The bolt hits you!!
* * * LOW HITPOINT WARNING * * *
The stone giant throws a large rock.
The large rock hits you but does no damage.
Things that are here:
a large rock; a bolt The stone giant throws a large rock.
The large rock hits you!!
* * * LOW HITPOINT WARNING * * *
You see here a large rock.
A frost giant comes into view. It is wielding a battleaxe of freezing.
The yaktaur captain shoots a bolt.
The bolt hits you!!
You die...

*###*** *###..##,*** ### ###
*.......,,,* #####.#
#.#***.......,***
##..##.###.##,,.......,* ******
#.......#...###.......,***,**,*
#...##..#....#@.......,*,,,*,,,
#....###...(((#.......,,,,,,,,,
##....#....^<..#.......,,,,,,,,,
#......................,,,,,,,,,
###....#..............C.,,,,,,,,,
................≈≈......,,,,,,,**
#.............c.........,,,,,,,**
#.......................,,,,,,,*,
................≈§C...,,,,,,,,,,,


You could see a frost giant and a yaktaur captain.

Vanquished Creatures
  Norris (Depths:2)
  A golden dragon (Depths:5)
  A bone dragon (Depths:5)
  A lich (Depths:2)
  2 tentacled monstrosities
  Rupert (Orc:4)
  A deep elf blademaster (Depths:3)
  2 quicksilver dragons
  A sphinx (Depths:4)
  3 tengu reavers
  2 storm dragons (Depths:4)
  2 shadow dragons
  A draconian monk (Depths:5)
  Wiglaf (Depths:1)
  7 fire giants
  2 iron dragons (Depths:2)
  Donald (D:13)
  4 frost giants
  A ghost moth (Depths:3)
  7 very ugly things
  A spriggan defender (Depths:4)
  A reaper (Depths:2)
  7 stone giants
  2 salamander firebrands (Depths:4)
  A draconian caller (Depths:5)
  2 green draconians (Depths:5)
  A red draconian (Depths:5)
  2 lorocyprocas (Depths:3)
  A deep elf annihilator (Depths:3)
  14 purple draconians
  An ettin (shapeshifter) (Depths:3)
  A crystal guardian (Depths:3)
  Snorg (Lair:8)
  3 yaktaur captains
  7 ettins
  A fire dragon (shapeshifter) (Depths:3)
  A deep elf death mage (Depths:4)
  5 fire dragons
  4 rakshasas
  A hydra (Lair:5)
  Fannar (D:10)
  10 ice dragons
  3 entropy weavers
  5 spriggan air magi
  Harold (Orc:3)
  3 ice dragons (shapeshifter)
  6 deep troll shamans
  4 statues (WizLab)
  Erica (D:11)
  8 centaur warriors
  6 dancing weapons (Depths:3)
  6 ogre magi
  4 tengu warriors
  11 deep troll earth magi
  5 spriggan berserkers
  Urug (Lair:1)
  10 hell knights
  A soul eater (Depths:4)
  2 fire crabs (Depths:3)
  7 skeletal warriors
  A sea snake (shapeshifter) (Depths:3)
  3 flayed ghosts
  A salamander mystic (Depths:4)
  4 iron trolls
  A wizard (Depths:3)
  An unseen horror (D:10)
  2 ice statues
  6 deep trolls
  7 necromancers
  A mana viper (shapeshifter) (Depths:3)
  7 hill giants
  2 wolf spiders
  A griffon (Lair:8)
  35 ugly things
  4 oklob plants (Lair:8)
  2 orc sorcerers
  A stone giant zombie (D:15)
  8 cyclopes
  3 manticores
  3 salamanders (Depths:4)
  A moth of wrath (shapeshifter) (Depths:3)
  An elephant (Depths:5)
  Maurice (D:10)
  11 black mambas
  A guardian serpent (Lair:8)
  A rust devil (Depths:2)
  6 orange demons
  A spriggan skeleton (D:15)
  4 naga magi (Depths:3)
  4 gargoyles
  22 spiny frogs
  2 efreet (D:15)
  A fire drake (shapeshifter) (Depths:1)
  2 komodo dragons (shapeshifter) (Depths:3)
  4 komodo dragons
  10 yaktaurs
  6 kobold demonologists
  A hellwing (Depths:2)
  A tengu conjurer (Depths:1)
  3 red devils (D:13)
  7 trolls
  3 fire drakes
  19 two-headed ogres
  A freezing wraith (Lair:3)
  A wind drake (Depths:5)
  7 ravens
  5 polar bears
  Prince Ribbit (D:5)
  19 blink frogs
  2 slime creatures (D:12)
  A boulder beetle (Lair:8)
  A wandering mushroom (Lair:7)
  A raiju (shapeshifter) (Depths:4)
  2 spriggan zombies (D:15)
  A boulder beetle (shapeshifter) (Depths:4)
  An air elemental (Depths:3)
  5 redbacks
  A vampire (D:15)
  28 yaks
  19 deep elf magi
  6 hippogriffs
  A wyvern (Lair:8)
  A ynoxinul (Depths:2)
  Eustachio (D:5)
  2 hungry ghosts
  Grum (D:10)
  9 wolves
  A mottled dragon (D:12)
  A chaos spawn (Depths:3)
  17 humans
  3 basilisks
  4 vampire mosquitoes
  A warg (Orc:2)
  A harpy simulacrum (Depths:3)
  A hell hound (Depths:4)
  4 nagas (Lair:6)
  3 sky beasts
  8 orc warriors
  3 phantoms
  11 porcupines
  5 spiders (Lair:8)
  A swamp drake (Orc:4)
  15 water moccasins
  3 necrophages
  A fire dragon simulacrum (Depths:3)
  16 ice beasts
  2 eyes of draining
  4 wasps
  40 ogres
  7 big kobolds
  4 boggarts (D:12)
  12 crocodiles
  15 centaurs
  19 giant frogs
  Blork the orc (D:5)
  A gnoll sergeant (D:7)
  3 scorpions
  5 wights (D:7)
  24 killer bees
  6 electric eels (D:9)
  3 jellies
  2 centaur zombies
  12 crimson imps
  A lava snake (Lair:6)
  5 centaur skeletons
  2 iron imps
  11 orc priests
  24 orc wizards
  3 quasits
  A giant frog zombie (D:12)
  6 hounds
  8 iguanas
  14 worker ants
  6 sheep
  A worker ant zombie (D:7)
  A hound skeleton (D:7)
  10 gnolls
  17 adders
  39 river rats
  7 shadow imps
  2 white imps
  4 oozes
  An ufetubus (D:12)
  An adder zombie (D:7)
  2 adder skeletons
  9 worms
  108 orcs
  5 ball pythons
  A bat skeleton (D:5)
  11 giant cockroaches
  12 hobgoblins
  10 jackals
  20 bats
  7 giant geckos
  A giant gecko skeleton (D:5)
  6 giant newts
  16 goblins
  37 kobolds
  7 quokkas
  A quokka zombie (D:6)
  11 rats
  2 bushes (Lair:8)
  18 fungi
  12 plants
1235 creatures vanquished.

Vanquished Creatures (collateral kills)
  4 hydras
  An oklob plant (Lair:8)
  2 hippogriffs
  2 spiders (Lair:8)
  A water moccasin (Lair:8)
  An ice beast (Lair:3)
  A worker ant (Lair:8)
  2 adders (Lair:8)
14 creatures vanquished.

Vanquished Creatures (others)
  A fire giant (Depths:2)
  A hill giant (D:15)
  A water elemental (Lair:8)
  A troll (Lair:8)
  A hippogriff (D:15)
  2 earth elementals
  An insubstantial wisp (WizLab)
  An iguana (Lair:1)
  An orc (Orc:4)
  A fungus (Lair:8)
  3 plants
14 creatures vanquished.

Grand Total: 1263 creatures vanquished

Notes
Turn   | Place    | Note
--------------------------------------------------------------
     0 | D:1      | tooLowSkill the Deep Dwarf Berserker began the quest for the Orb.
     0 | D:1      | Reached XP level 1. HP: 20/20 MP: 1/1
   186 | D:1      | Reached XP level 2. HP: 16/27 MP: 2/2
   243 | D:1      | Reached skill level 4 in Axes
   733 | D:2      | Acquired Trog's second power
   763 | D:2      | Reached XP level 3. HP: 26/33 MP: 3/3
   783 | D:2      | Reached skill level 5 in Axes
   979 | D:2      | Reached XP level 4. HP: 31/40 MP: 4/4
  1107 | D:2      | Found a bloodstained altar of Trog.
  1161 | D:2      | Reached skill level 6 in Axes
  1250 | D:3      | Found a burning altar of Makhleb.
  1264 | D:3      | Reached skill level 1 in Shields
  1264 | D:3      | Reached XP level 5. HP: 33/46 MP: 5/5
  1439 | D:3      | Found a glowing golden altar of the Shining One.
  1439 | D:3      | Found a sparkling altar of Nemelex Xobeh.
  1576 | D:3      | Found a shimmering altar of Xom.
  1661 | D:3      | Found a glowing drain.
  1667 | Sewer    | Entered a sewer
  2755 | D:4      | Reached XP level 6. HP: 16/55 MP: 6/6
  2761 | D:4      | Acquired Trog's third power
  3059 | D:5      | Entered Level 5 of the Dungeon
  3082 | D:5      | Noticed Eustachio
  3095 | D:5      | Killed Eustachio
  3095 | D:5      | Reached skill level 7 in Axes
  3096 | D:5      | Reached skill level 8 in Axes
  3096 | D:5      | Reached XP level 7. HP: 61/61 MP: 7/7
  3466 | D:5      | Reached skill level 9 in Axes
  3577 | D:5      | Got a shimmering robe
  3588 | D:5      | Identified the +1 robe "Qammaecud" {rCorr Str-5 Stlth+} (You found it on level 5 of the Dungeon)
  3600 | D:5      | Noticed Prince Ribbit
  3643 | D:5      | Noticed Blork the orc
  3650 | D:5      | Killed Blork the orc
  3712 | D:5      | Found a deep blue altar of Sif Muna.
  3868 | D:5      | Killed Prince Ribbit
  3868 | D:5      | Reached skill level 10 in Axes
  3868 | D:5      | Reached XP level 8. HP: 35/68 MP: 8/8
  4098 | D:6      | Reached skill level 11 in Axes
  4442 | D:6      | Reached skill level 12 in Axes
  4764 | D:6      | Found a glowing silver altar of Zin.
  4848 | D:7      | Gained mutation: You passively map the area around you. [Deep Dwarf growth]
  4848 | D:7      | Reached XP level 9. HP: 41/74 MP: 9/9
  4889 | D:7      | Found Sadoiho's Distillery.
  5021 | D:7      | Found a snail-covered altar of Cheibriados.
  5115 | D:7      | Found a blossoming altar of Fedhas.
  5135 | D:7      | Reached skill level 13 in Axes
  5943 | D:7      | Reached skill level 14 in Axes
  6464 | D:8      | Received a gift from Trog
  6515 | D:8      | Reached XP level 10. HP: 25/81 MP: 3/9
  6670 | D:8      | Found Lusut's Book Boutique.
  6709 | D:8      | Got a jewelled plate armour
  6723 | D:8      | Identified the +8 plate armour "Lypil" {rC+ Regen+ Dex-3 Stlth+} (You took it off a hobgoblin on level 8 of the Dungeon)
  6793 | D:8      | Found a staircase to the Lair.
  7024 | Lair:1   | Entered Level 1 of the Lair of Beasts
  7121 | Lair:1   | Reached skill level 15 in Axes
  7468 | Lair:1   | Noticed a seven-headed hydra
  7536 | Lair:1   | Noticed Urug
  7581 | Lair:1   | Killed Urug
  7581 | Lair:1   | Reached skill level 16 in Axes
  7779 | D:9      | Noticed an ice statue
  7870 | D:9      | Reached skill level 5 in Fighting
  7886 | D:10     | Entered Level 10 of the Dungeon
  7939 | D:9      | HP: 4/88 [electric eel/bolt of electricity (9)]
  7985 | D:10     | Noticed Grum
  7985 | D:10     | Noticed Fannar
  7997 | D:10     | Reached XP level 11. HP: 54/96 MP: 2/7
  8022 | D:10     | Killed Grum
  8076 | D:10     | Killed Fannar
  8109 | D:10     | Noticed a hill giant
  8119 | D:10     | Killed a hill giant
  8297 | D:10     | Killed an unseen horror
  8297 | D:10     | Reached skill level 5 in Armour
  8333 | D:10     | Received a gift from Trog
  8549 | D:10     | Noticed a hill giant
  8556 | D:10     | Killed a hill giant
  8686 | D:10     | Noticed Maurice
  8702 | D:10     | Killed Maurice
  9181 | Lair:1   | Killed a seven-headed hydra
  9181 | Lair:1   | Reached skill level 5 in Evocations
 10107 | Lair:2   | Reached XP level 12. HP: 46/109 MP: 3/10
 10253 | Lair:3   | You fall through a shaft for 2 floors!
 10384 | Lair:5   | Noticed a four-headed hydra
 10418 | Lair:5   | Killed a four-headed hydra
 10671 | Lair:5   | Reached skill level 17 in Axes
 11176 | Lair:6   | Found a staircase to the Snake Pit.
 11656 | Lair:6   | Received a gift from Trog
 11659 | Lair:6   | Got a smoking executioner's axe {god gift}
 11670 | Lair:6   | Identified the +8 executioner's axe "Foamm" {vamp, Int+3 Dex+4 SInv} (Trog gifted it to you on level 6 of the Lair of Beasts)
 11867 | Lair:7   | Reached skill level 18 in Axes
 12363 | Lair:8   | Entered Level 8 of the Lair of Beasts
 12363 | Lair:8   | Noticed an eight-headed hydra
 12370 | Lair:8   | Killed a nine-headed hydra
 12421 | Lair:8   | Noticed Snorg
 12427 | Lair:8   | Killed Snorg
 12465 | Lair:8   | Received a gift from Trog
 12507 | Lair:8   | Reached skill level 19 in Axes
 12507 | Lair:8   | Reached XP level 13. HP: 108/115 MP: 10/10
 12508 | Lair:8   | Found a staircase to the Slime Pits.
 12618 | Lair:8   | Reached skill level 20 in Axes
 12618 | Lair:8   | Gained mutation: You resist negative energy. [Deep Dwarf growth]
 12618 | Lair:8   | Reached XP level 14. HP: 106/123 MP: 11/11
 13101 | Lair:8   | Reached skill level 21 in Axes
 13290 | Lair:8   | Received a gift from Trog
 13293 | Lair:8   | Got a bone executioner's axe {god gift}
 13294 | Lair:8   | Identified the +11 executioner's axe "Liorampe" {chop, Str-4 Int+4} (Trog gifted it to you on level 8 of the Lair of Beasts)
 13795 | Lair:4   | Found a staircase to the Swamp.
 14344 | Lair:3   | Noticed a six-headed hydra
 14350 | Lair:3   | Killed a six-headed hydra
 14565 | Lair:3   | Received a gift from Trog
 15296 | D:9      | Killed an ice statue
 15530 | D:11     | Noticed Erica
 15542 | D:11     | Killed Erica
 15542 | D:11     | Reached skill level 22 in Axes
 15778 | D:11     | Received a gift from Trog
 16413 | D:12     | Found a staircase to the Orcish Mines.
 16519 | D:12     | Identified a scroll of acquirement
 16562 | D:12     | Received a gift from Trog
 16682 | D:12     | Reached XP level 15. HP: 97/129 MP: 12/12
 16825 | D:13     | Found a gate to the Vaults.
 16825 | D:13     | Noticed Donald
 16855 | D:13     | Killed Donald
 16920 | D:13     | Reached skill level 23 in Axes
 17524 | D:13     | Received a gift from Trog
 17547 | D:13     | You fall through a shaft for 2 floors!
 17547 | D:15     | Entered Level 15 of the Dungeon
 17940 | D:14     | Found Ysaulune's Armour Shoppe.
 17949 | D:14     | Bought a +2 pair of boots of running for 581 gold pieces
 18614 | Orc:1    | Entered Level 1 of the Orcish Mines
 18624 | Orc:1    | Received a gift from Trog
 18654 | Orc:1    | Found Xeuph's Weapon Shoppe.
 19560 | Orc:4    | Entered Level 4 of the Orcish Mines
 19560 | Orc:4    | Found a staircase to the Elven Halls.
 19709 | Orc:4    | Received a gift from Trog
 19718 | Orc:4    | Reached skill level 24 in Axes
 19748 | Orc:4    | Received a gift from Trog
 19914 | Orc:4    | Noticed Rupert
 19928 | Orc:4    | Killed Rupert
 20036 | Orc:4    | Got a crude hat
 20131 | Orc:4    | Received a gift from Trog
 20148 | Orc:4    | Identified the cursed -5 hat of the Komtur {rPois Str+2 Dex+6} (You found it on level 4 of the Orcish Mines)
 20277 | Orc:4    | Found Teciuhuh's Assorted Antiques.
 20277 | Orc:4    | Found Laanlug's Antique Armour Shop.
 20277 | Orc:4    | Found Osedutock's Weapon Boutique.
 20277 | Orc:4    | Found Zolog's General Store.
 20451 | Orc:3    | Noticed Harold
 20473 | Orc:3    | Killed Harold
 21263 | D:15     | Found a staircase to the Depths.
 21274 | D:15     | Reached XP level 16. HP: 97/138 MP: 13/13
 21323 | D:15     | Reached skill level 25 in Axes
 22171 | Depths:1 | Entered Level 1 of the Depths
 22176 | Depths:1 | Got a serpentine silver ring
 22178 | Depths:1 | Identified the ring "Dynuydon" {Fire rN+ Dex+6} (You found it on level 1 of the Depths)
 22212 | Depths:1 | Received a gift from Trog
 22346 | Depths:1 | Found Wicrydot's General Store.
 22445 | Depths:1 | Noticed Wiglaf
 22461 | Depths:1 | Killed Wiglaf
 22471 | Depths:1 | Reached skill level 26 in Axes
 22557 | Depths:1 | Found a gateway to Hell.
 22691 | Depths:1 | Received a gift from Trog
 22983 | Depths:2 | Reached XP level 17. HP: 151/151 MP: 14/14
 23048 | Depths:2 | Reached skill level 10 in Fighting
 23171 | Depths:2 | Noticed a lich
 23172 | Depths:2 | Noticed a tentacled monstrosity
 23181 | Depths:2 | Killed a lich
 23186 | Depths:2 | Killed a tentacled monstrosity
 23288 | Depths:2 | Received a gift from Trog
 23392 | Depths:2 | Noticed Norris
 23410 | Depths:2 | Killed Norris
 23410 | Depths:2 | Reached skill level 10 in Armour
 23728 | Depths:2 | Found a one-way gate leading to the halls of Pandemonium.
 24217 | Depths:3 | Received a gift from Trog
 24448 | Depths:3 | Gained mutation: You passively map a large area around you. [Deep Dwarf growth]
 24448 | Depths:3 | Reached XP level 18. HP: 115/170 MP: 2/15
 24683 | Depths:3 | Received a gift from Trog
 25165 | Depths:4 | Found a portal to a secret trove of treasure.
 25181 | Depths:4 | Found a one-way gate to the infinite horrors of the Abyss.
 25196 | Depths:4 | Found a gateway to a ziggurat.
 25508 | Depths:4 | Received a gift from Trog
 25703 | Depths:4 | Reached skill level 15 in Fighting
 25909 | Depths:4 | Got an ichor-stained hand axe
 26178 | Depths:5 | Entered Level 5 of the Depths
 26203 | Depths:5 | Identified the +1 hand axe "Killer Klown's Curse" {drain, +Inv SInv} (You found it on level 4 of the Depths)
 26225 | Depths:5 | Reached XP level 19. HP: 124/186 MP: 16/16
 26306 | Depths:5 | Noticed a golden dragon
 26315 | Depths:5 | Killed a golden dragon
 26315 | Depths:5 | Received a gift from Trog
 26359 | Depths:5 | Noticed a bone dragon
 26372 | Depths:5 | Killed a bone dragon
 26374 | Depths:5 | Found a gate to the Realm of Zot.
 26458 | Depths:5 | Found a magical portal.
 26465 | WizLab   | Entered Iskenderun's Mystic Tower
 26811 | WizLab   | Received a gift from Trog
 27012 | Depths:5 | Shot with a bolt by a yaktaur captain

Vault maps used:
D:1:      ncdulo_halloftheorcs, st_stairs_7
D:2:      nicolae_overflow_hidden_temple
D:3:      minitemple, portal_sewer_entry_e, first_bread, st_stairs_9,
          kennysheep_flooded_box, makhleb_heckhound_becter
D:5:      led_sif_pool, uniq_eustachio, uniq_blork_the_orc, uniq_prince_ribbit1
D:6:      zin_statuary, minmay_temple_entry_from_below_a
D:7:      old_standard_altar, lemuel_round_altar, serial_shops, shop,
          grunt_livestock
D:8:      lair_0_dummy, serial_shops, shop, hex_large
D:9:      minmay_statue_hallways, spider_trap
D:10:     serial_bayou_pond_d, uniq_grum, uniq_fannar, uniq_maurice
D:11:     uniq_erica
D:12:     orc_0_dummy, lightli_swarmer
D:13:     david_vaults_3, minmay_beelzebubs_servants
D:14:     serial_shops, shop, minivault_24
D:15:     gammafunk_depths_entry_grave, hangedman_decor_riveting, st_stairs_13
Lair:1:   grunt_forest_large_clearings, uniq_urug
Lair:3:   ice2_lemuel
Lair:4:   swamp_mist_pool, grunt_megastairs_4, lemuel_fruit_tree
Lair:6:   minmay_snake_entry_guardpost_small, infiniplex_staircase_pool
Lair:8:   hangedman_lair_tendril_chambers, minmay_slime_entry_oklob_open,
          uniq_snorg
Orc:1:    serial_shops, shop
Orc:3:    nicolae_orc_pool_cavern, uniq_harold
Orc:4:    st_orc_ogre_mass, hangedman_minor_magic, uniq_rupert
Depths:1: pf_vacation_house_of_asmodeus, corexii_leaking_fountain, serial_shops,
          nicolae_shop_window_shopping, lemuel_flamethrower_3,
          grunt_megastairs_3, uniq_wiglaf
Depths:2: minmay_textured_paths, hell_entry, rand_demon_pan_entry_9,
          dk_noncrumbling_3, uniq_norris
Depths:3: hangedman_crystal_crosses_colossus, serial_shops, pan_entry,
          hell_entry
Depths:4: evilmike_diamond_1, enter_ziggurat_a, hellmouth_1, abyss_entry,
          enter_trove_3, hangedman_decor_clover_reticule
Depths:5: evilmike_zot_entry_round, mu_enter_wizlab_7, nicolae_benzene_ring,
          lightli_too_deep, uniq_mennas
Sewer:    sewer_fruit_machine
WizLab:   wizlab_iskenderun

Action                   |  1- 3 |  4- 6 |  7- 9 | 10-12 | 13-15 | 16-18 | 19-21 || total
-------------------------+-------+-------+-------+-------+-------+-------+-------++-------
Melee: Hand axe          |   134 |   223 |     8 |       |       |       |       ||   365
       War axe           |       |       |   423 |       |       |       |       ||   423
       Broad axe         |       |       |     8 |   648 |       |       |       ||   656
       Mace              |       |       |       |    26 |       |       |       ||    26
       Executioner's axe |       |       |       |   104 |  1086 |   986 |   204 ||  2380
Invok: Berserk           |     2 |     4 |    10 |     6 |     4 |    10 |     2 ||    38
       Burn Spellbooks   |       |       |     2 |     3 |     3 |     1 |     2 ||    11
       Brothers in Arms  |       |       |       |     2 |     2 |       |       ||     4
       Trog's Hand       |       |       |       |       |       |     1 |     1 ||     2
 Abil: Device Recharging |       |       |     1 |     8 |       |       |     1 ||    10
       Evoke Flight      |       |       |       |       |       |     1 |       ||     1
Evoke: Wand              |     2 |     7 |    14 |    35 |     5 |     4 |     3 ||    70
       Deck              |       |       |       |    11 |     1 |       |     1 ||    13
       Phial of floods   |       |       |       |     1 |       |     1 |       ||     2
       Stone of tremors  |       |       |       |       |     2 |     2 |       ||     4
  Use: Scroll            |       |     7 |    15 |     9 |    10 |     8 |     1 ||    50
       Potion            |       |     1 |     5 |     7 |     3 |     3 |     2 ||    21
 Stab: Sleeping          |     1 |       |     1 |       |       |       |       ||     2
       Invisible         |       |       |       |     7 |     5 |       |       ||    12
       Distracted        |       |       |       |       |     1 |       |     1 ||     2
  Eat: Chunk             |     1 |    12 |    17 |    24 |    26 |    26 |     6 ||   112
       Beef jerky        |       |       |     4 |     2 |     1 |       |       ||     7
       Pizza             |       |       |       |     2 |     3 |       |       ||     5
       Royal jelly       |       |       |       |     1 |     3 |       |       ||     4
